 Dungeon Crawl Stone Soup version 0.27.0-1-g7a089689b8 (webtiles) character file.

Game seed: 2767389282527605627

1886 pkoi the Carver (level 8, -4/59 (63) HPs)
             Began as a Minotaur Gladiator on Aug 3, 2021.
             Was a Follower of Hepliaklqana.
             Slain by a gnoll (5 damage)
             ... on level 6 of the Dungeon.
             The game lasted 00:06:31 (6485 turns).

pkoi the Carver (Minotaur Gladiator)                Turns: 6485, Time: 00:06:31

HP:   -4/59 (63)    AC:  4    Str: 21    XL:     8   Next: 92%
MP:   7/7           EV: 14    Int:  5    God:    Hepliaklqana [*.....]
Gold: 340           SH:  0    Dex: 12    Spells: 7/7 levels left

rFire    . . .     SeeInvis .   w - +2 triple sword (protect)
rCold    . . .     Faith    .   (shield currently unavailable)
rNeg     . . .     Spirit   .   b - +0 leather armour
rPois    .         Reflect  .   c - +1 hat
rElec    .         Harm     .   (no cloak)
rCorr    .         Rampage  .   (no gloves)
Will     .....                  (no boots)
Stlth    +.........             g - amulet of the acrobat
HPRegen  0.19/turn              (no ring)
MPRegen  0.10/turn              (no ring)

@: drained
A: reduced essence, horns 2, retaliatory headbutt
a: Renounce Religion, Recall Ancestor, Ancestor Identity


You were on level 6 of the Dungeon.
You worshipped Hepliaklqana.
Hepliaklqana was aware of your devotion.
You visited 1 branch of the dungeon, and saw 7 of its levels.

You collected 340 gold pieces.

Inventory:

Hand Weapons
 a - a +0 long sword
 w - a +2 triple sword of protection (weapon)
Missiles
 d - 3 throwing nets
 e - 30 poisoned darts (quivered)
 i - 7 silver javelins
Armour
 b - a +0 leather armour (worn)
 c - a +1 hat (worn)
 r - a +0 plate armour
Jewellery
 g - an amulet of the acrobat (around neck)
 q - an amulet of magic regeneration
 s - an amulet of guardian spirit
Wands
 u - a wand of flame (8)
 v - a wand of mindburst (16)
Scrolls
 f - 5 scrolls of identify
 j - 5 scrolls of enchant armour
 n - a scroll of magic mapping
 p - 5 scrolls of teleportation
Potions
 h - 4 potions of curing {unknown}
 k - 2 potions of might
 l - a potion of haste {unknown}
 m - 3 potions of brilliance {unknown}
 o - a potion of invisibility {unknown}
 t - a potion of attraction {unknown}


   Skills:
 + Level 6.1 Fighting
 * Level 10.2 Long Blades
 - Level 2.0 Throwing
 + Level 5.4 Armour
 + Level 6.1 Dodging
 - Level 1.1 Invocations


You had 7 spell levels left.
You didn't know any spells.
Your spell library contained the following spells:

 Spells                   Type           Power      Damage    Failure   Level
 Sting                    Tmut/Pois      0%         1d3       52%         1
 Poisonous Vapours        Pois/Air       0%         N/A       67%         2
 Portal Projectile        Hex/Tloc       0%         N/A       88%         3
 Olgreb's Toxic Radiance  Pois           0%         N/A       99%         4
 Blade Hands              Tmut           0%         N/A       100%        5
 Excruciating Wounds      Necr           0%         N/A       100%        5


Dungeon Overview and Level Annotations

Branches:
Dungeon (7/15)             Temple (0/1) D:6

Altars:
Ashenzari
Hepliaklqana
Makhleb
Qazlal
Sif Muna
Uskayaw
Xom
Zin

Shops:
D:4 =   D:6 =


Innate Abilities, Weirdness & Mutations

Your life essence is reduced to manifest your ancestor. (-10% HP)
You have a pair of horns on your head.
You reflexively headbutt those who attack you in melee.


Message History

You are too injured to fight recklessly!
Unknown command.
Bintanath hits the gnoll.
The gnoll closely misses Bintanath.
The wight hits Bintanath with a +0 short sword.
Bintanath barely misses the gnoll.
The gnoll throws a throwing net.
The throwing net completely misses you.
The wight hits Bintanath with a +0 short sword.
Bintanath hits the gnoll but does no damage.
The gnoll shaman hits Bintanath with a +0 club.
The wight barely misses Bintanath.
Bintanath barely misses the gnoll shaman.
The wight completely misses you.
You riposte.
You barely miss the wight.
The wight is lightly damaged.
The gnoll shaman hits Bintanath with a +0 club!
Bintanath is destroyed!
You see here a hound corpse.
The wight hits you with a +3 mace.
Found a forked silver wand.
The wight completely misses you.
There is a stone staircase leading up here.
The wight hits you with a +3 mace!
* * * LOW HITPOINT WARNING * * *
The gnoll closely misses you. You furiously retaliate!
You headbutt the gnoll.
The gnoll shaman calls upon its god to speed up the gnoll.
The gnoll seems to speed up.
You climb upwards.
There is a stone staircase leading down here.
Unknown command.
You barely miss the wight.
The wight is lightly damaged.
The wight barely misses you. The gnoll hits you with a +0 whip.
* * * LOW HITPOINT WARNING * * *
You barely miss the wight.
The wight is lightly damaged.
The wight hits you with a +3 mace!
* * * LOW HITPOINT WARNING * * *
You feel drained.
* * * LOW HITPOINT WARNING * * *
The gnoll hits you with a +0 whip.
You die...

#.# #.# #.##.#####.#.# #.# #.#
#####.##.##....... #.###### #.#
#................. .......#
#.###.###.##.##......# #.####.#
#.........##.###.....# #.# #.#
#.........##.........# ..# #.#
#.###.###.########.### ######.#
#.# #z###.# #.# #....# #.#
#@.##.# #.# #.##.## #.####g##[#
##'## #.#...## #.........#
##...## #......########.####
##.....# # #.......# #.#<##
##.......
###......########....####........
+.......................'........
###....###########...############
###....#### #..## #.......#


You could see a wight and a gnoll.

Vanquished Creatures
  A steam dragon (D:6)
  A water moccasin (D:7)
  An ice beast (D:6)
  2 necrophages
  A sky beast (D:6)
  An ogre (D:5)
  2 centaurs
  A phantom (D:6)
  A bullfrog (D:6)
  A water moccasin skeleton (D:4)
  2 wights (D:7)
  A howler monkey (D:6)
  A centaur zombie (D:6)
  A jelly (D:4)
  An orc priest (D:3)
  5 hounds
  2 bullfrog skeletons
  A centaur skeleton (D:6)
  2 iguanas
  3 orc wizards (D:6)
  A killer bee zombie (D:5)
  A howler monkey zombie (D:5)
  4 adders
  5 gnolls
  A white imp (D:7)
  A dart slug (D:3)
  6 orcs
  7 endoplasms
  3 giant cockroaches
  8 goblins
  8 hobgoblins
  11 jackals
  8 kobolds
  3 quokkas
  3 ball pythons
  5 bats
  4 frilled lizards
  5 rats
115 creatures vanquished.

Vanquished Creatures (collateral kills)
  An ogre (D:6)
  A howler monkey (D:6)
2 creatures vanquished.

Vanquished Creatures (others)
  An ancestor (D:7)
1 creature vanquished.

Grand Total: 118 creatures vanquished

Notes
Turn   | Place    | Note
-------+----------+-------------------------------------------
     0 | D:1      | pkoi the Minotaur Gladiator began the quest for the Orb.
     0 | D:1      | Reached XP level 1. HP: 18/18 MP: 0/0
    29 | D:1      | Reached skill level 4 in Long Blades
    29 | D:1      | Reached XP level 2. HP: 17/25 MP: 1/1
   429 | D:1      | Reached skill level 5 in Long Blades
   604 | D:1      | Reached XP level 3. HP: 30/30 MP: 2/2
  1416 | D:2      | Found a faded altar of an unknown god.
  1619 | D:2      | Found a shimmering blue altar of Sif Muna.
  1881 | D:3      | Reached skill level 6 in Long Blades
  1881 | D:3      | Reached XP level 4. HP: 15/37 MP: 3/3
  2971 | D:4      | Found Keacintogha's Jewellery Boutique.
  3033 | D:4      | Reached skill level 1 in Armour
  3033 | D:4      | Reached XP level 5. HP: 44/44 MP: 4/4
  3180 | D:4      | Reached skill level 7 in Long Blades
  3191 | D:4      | Found a glowing silver altar of Zin.
  3446 | D:4      | Reached XP level 6. HP: 40/51 MP: 5/5
  3677 | D:5      | Entered Level 5 of the Dungeon
  3934 | D:5      | Found a hazy altar of Hepliaklqana.
  3935 | D:5      | Found a shimmering altar of Xom.
  3936 | D:5      | Noticed a spectral ugly thing
  3939 | D:5      | Became a worshipper of Hepliaklqana the Forgotten
  3948 | D:5      | Found a stormy altar of Qazlal.
  4092 | D:5      | Found a hide-covered altar of Uskayaw.
  4119 | D:5      | Reached XP level 7. HP: 43/59 MP: 6/6
  4444 | D:5      | Reached skill level 8 in Long Blades
  4794 | D:5      | Found a burning altar of Makhleb.
  4870 | D:6      | Reached skill level 1 in Invocations
  4923 | D:6      | Found a staircase to the Ecumenical Temple.
  5060 | D:6      | Reached skill level 5 in Dodging
  5228 | D:6      | Reached XP level 8. HP: 67/67 MP: 7/7
  5325 | D:6      | Reached skill level 5 in Fighting
  5367 | D:6      | Reached * piety under Hepliaklqana
  5376 | D:6      | Reached skill level 9 in Long Blades
  5809 | D:6      | Found a broken altar of Ashenzari.
  5830 | D:6      | Reached skill level 5 in Armour
  5839 | D:6      | Found Mycho's Jewellery Boutique.
  6392 | D:6      | Identified a scroll of acquirement
  6392 | D:6      | Acquired a +1 triple sword of protection
  6461 | D:7      | Reached skill level 10 in Long Blades
  6485 | D:6      | HP: 3/61 [wight (11)]
  6485 | D:6      | HP: 1/59 [wight (2)]
  6485 | D:6      | Slain by a gnoll

Illustrated notes

Levels and vault maps discovered:
D:1:      psy_arrival_spokes, layout_loops_ring,
          hangedman_abyss_or_decor_lesser_grid
D:2:      layout_basic, hellmonk_ecumenical_altar_run_dry, basic_altar
D:3:      layout_loops_ring, serial_bayou_pond_c, minivault_26
D:4:      layout_basic, nicolae_overflow_hidden_temple, serial_shops,
          nicolae_shop_crystal
D:5:      layout_cave_pools, regret_index_temple_of_mockery, old_standard_altar,
          amcnicky_altar_gilded, lightli_temple_of_fire, minmay_holes
D:6:      layout_loops_corners, evilmike_ruin_ashenzari, temple_doors_e,
          serial_shops, nicolae_stop_n_shop_1, patterned_corridor
D:7:      layout_cave_pools, mainiacjoe_overflow_tiny_flanked,
          trog_butcher_becter, lemuel_mausoleum_altar_kikubaaqudgha, uniq_maggie

Skill      XL: |  1  2  3  4  5  6  7  8 |
---------------+-------------------------+-----
Long Blades    | 4 5 6 7 8 10 | 10.2
Armour         | 1 2 4 5 |  5.4
Fighting       | 3 4 6 |  6.1
Dodging        | 4 5 6 |  6.1
Invocations    | 1 |  1.1
Throwing       | |  2.0

Action                   |  1- 3 |  4- 6 |  7- 9 || total
-------------------------+-------+-------+-------++-------
Melee: Long sword        |    66 |   113 |    80 ||   259
       Headbutt          |    11 |    26 |    29 ||    66
       Triple sword      |       |       |    12 ||    12
  Use: Scroll            |     1 |     7 |     4 ||    12
       Potion            |     1 |       |       ||     1
 Stab: Sleeping          |       |       |     1 ||     1
       Distracted        |       |       |     1 ||     1
Armor: Leather armour    |    13 |    20 |    33 ||    66
Dodge: Dodged            |    46 |    85 |    75 ||   206
       Rpst.: Long sword |    12 |    24 |    11 ||    47
       Triple sword      |       |       |     4 ||     4
